 Dungeon Crawl Stone Soup version 0.21-a0-504-g2eda33064f (webtiles) character file.

236 JackS81 the Chopper (level 5, 0/38 HPs)
             Began as a Demonspawn Gladiator on Nov 25, 2017.
             Slain by an adder (4 damage)
             ... on level 4 of the Dungeon.
             The game lasted 00:07:29 (2845 turns).

JackS81 the Chopper (Demonspawn Gladiator)          Turns: 2845, Time: 00:07:30

Health: 0/38       AC:  4    Str: 14    XL:     5   Next: 77%
Magic:  14/14      EV: 14    Int:  9    God:
Gold:   83         SH:  0    Dex: 16    Spells: 4/4 levels left

rFire    . . .     SeeInvis +   a - +0 war axe
rCold    . . .     Gourm    .   (no shield)
rNeg     . . .     Faith    .   b - +0 leather armour
rPois    .         Spirit   .   (helmet unavailable)
rElec    .         Reflect  .   (no cloak)
rCorr    .         Harm     .   (no gloves)
MR       .....                  k - +0 pair of boots
Stlth    +.........             (no amulet)
HPRegen  0.12/turn              s - ring of magical power
MPRegen  0.14/turn              (no ring)

@: lethally poisoned (0 -> -4)
A: antennae 3, powered by pain 1
a: no special abilities


You were on level 4 of the Dungeon.
You were not hungry.

You visited 1 branch of the dungeon, and saw 4 of its levels.

You collected 83 gold pieces.

Inventory:

Hand Weapons
 a - a +0 war axe (weapon)
 o - a +3 trident of venom
Missiles
 d - 3 throwing nets (quivered)
 e - 3 tomahawks
 n - 25 bolts
Armour
 b - a +0 leather armour (worn)
 c - a +0 helmet
 k - a +0 pair of boots (worn)
Jewellery
 s - a ring of magical power (left hand)
 t - an uncursed ring of magical power
Scrolls
 g - 4 scrolls of remove curse {unknown}
 i - 4 scrolls of identify {unknown}
 j - a scroll of blinking {unknown}
 l - 2 scrolls of fear {unknown}
 p - a scroll of random uselessness {unknown}
Potions
 q - a potion of resistance
Comestibles
 f - 4 bread rations
 h - 2 meat rations
 m - a royal jelly


   Skills:
 - Level 2.0 Fighting
 + Level 5.2 Axes
 - Level 1.7 Throwing
 + Level 3.9 Dodging


You had 4 spell levels left.
You didn't know any spells.

Dungeon Overview and Level Annotations

Branches:
Dungeon (4/15)
 Temple: D:4-7

Altars:


Innate Abilities, Weirdness & Mutations

You have a pair of large antennae on your head. (SInv)
You sometimes gain a little power by taking damage.


Message History

The adder is heavily wounded.
You feel sick. The adder closely misses you. The adder misses you.
You barely miss the adder.
The adder is heavily wounded.
You feel sick. The adder barely misses you.
You closely miss the adder.
The adder is heavily wounded.
You feel sick. The adder bites you. The adder closely misses you.
You closely miss the adder.
The adder is heavily wounded.
The adder bites you.
* * * LOW HITPOINT WARNING * * *
You closely miss the adder.
The adder is heavily wounded.
You feel sick. The adder misses you. The adder bites you.
* * * LOW HITPOINT WARNING * * *
You closely miss the adder.
The adder is heavily wounded.
The adder bites you.
You die...

###### .
+#..#.. ..
....... ...
....... ...
....... ..
......†##.#+###
.......@.......
......#S#......
..... ... .....
.... ..... ....
... ..####. ...
.. ... .. .. .
..#. .. . ...#
..


You could see an adder.

Vanquished Creatures
  A hound (D:3)
  2 orc wizards (D:3)
  5 adders
  An ooze (D:1)
  A worm (D:3)
  2 dart slugs
  A leopard gecko (D:2)
  13 orcs (D:3)
  7 bats
  8 giant cockroaches
  9 goblins
  5 hobgoblins
  A jackal (D:2)
  11 kobolds
  2 quokkas
  5 frilled lizards
  11 rats
85 creatures vanquished.

Notes
Turn   | Place    | Note
-------+----------+-------------------------------------------
     0 | D:1      | JackS81 the Demonspawn Gladiator began the quest for the Orb.
     0 | D:1      | Reached XP level 1. HP: 16/16 MP: 1/1
    46 | D:1      | Reached skill level 3 in Axes
    46 | D:1      | Gained mutation: You have a pair of small antennae on your head. [demonic ancestry]
    46 | D:1      | Reached XP level 2. HP: 21/22 MP: 2/2
   401 | D:1      | Gained mutation: You have a pair of antennae on your head. [demonic ancestry]
   401 | D:1      | Reached XP level 3. HP: 27/27 MP: 3/3
   946 | D:2      | Gained mutation: You sometimes gain a little power by taking damage. [demonic ancestry]
   946 | D:2      | Reached XP level 4. HP: 8/33 MP: 4/4
   959 | D:2      | Reached skill level 4 in Axes
  2198 | D:3      | Gained mutation: You have a pair of large antennae on your head. (SInv) [demonic ancestry]
  2198 | D:3      | Reached XP level 5. HP: 23/38 MP: 5/5
  2215 | D:3      | Reached skill level 5 in Axes
  2845 | D:4      | Slain by an adder

Vault maps used:
D:1:      dpeg_arrival_lava_altar
D:2:      st_stairs_5
D:3:      first_bread, corexii_hall_statues_i
D:4:      gammafunk_wand_slinger, nicolae_qazlal_eye_of_the_storm,
          fedhas_altar_2

Skill      XL: |  1  2  3  4  5 |
---------------+----------------+-----
Dodging        | 3 |  3.9
Axes           | 3 4 5 |  5.2
Fighting       | |  2.0
Throwing       | |  1.7

Action                   |  1- 3 |  4- 6 || total
-------------------------+-------+-------++-------
Melee: War axe           |   131 |   158 ||   289
  Use: Potion            |       |     3 ||     3
  Eat: Chunk             |       |     7 ||     7
Armor: Leather armour    |    41 |    28 ||    69
       Skin              |       |    17 ||    17
Dodge: Dodged            |   110 |   107 ||   217

Table legend:
 A = Spawn XP
 B = Non-spawn XP
 C = Spawn XP percentage of total XP
 D = Spawn monster count
 E = Non-spawn monster count
 F = Spawn count percentage of total count
 G = Total turns spent on level
                    A         B        C        D         E        F      G
               +---------+---------+-------+---------+---------+-------+---------
         Total |       0 |     338 |   0.0 |       0 |      85 |   0.0 |  2845
               +---------+---------+-------+---------+---------+-------+---------
           D:1 |       0 |      41 |   0.0 |       0 |      22 |   0.0 |   468
           D:2 |       0 |      74 |   0.0 |       0 |      23 |   0.0 |   840
           D:3 |       0 |     220 |   0.0 |       0 |      38 |   0.0 |  1519
           D:4 |       0 |       3 |   0.0 |       0 |       2 |   0.0 |    18
               +---------+---------+-------+---------+---------+-------+---------
